Cogmind - Beta 16 @@@ ROGUE MODE // 2026.01.03 @ 20:16:18 Player: Red Box Result: Destroyed by DW-4LL with DW-4LL's Slamshotty Performance ------------- Evolutions (2) 1000 Regions Visited (12) 2400 Robots Destroyed (251) 1255 Value Destroyed (8206) 8206 Prototype IDs (53) 1060 Alien Tech Used (0) 0 Bonus (2193) 2193 TOTAL SCORE: 16114 Bonus ------- High Alert Combat Kills 1172 Follower Combat Kills 420 Entered Garrisons 400 Aligned with FarCom 300 Friendly Fire -99 Cogmind --------- Core Integrity 0/550 Matter 245/300 Energy 310/310 System Corruption 10% Temperature Warm (139) Movement Treading (410) Ox3 Location -8/Storage Parts ------- > --- POWER (1) -------- Reinforced Fission Core > --- PROPULSION (2) --- Armored Treads Armored Treads > --- UTILITY (6) ------ Huge Storage Unit Improved Signal Interpreter Medium Reactive Plating Reflective Plating System Shield > --- WEAPON (2) ------- Gauss Cannon Gauss Cannon > --- INVENTORY (25) --- Hybrid Fission Core Advanced Treads Advanced Myomer Leg Advanced Myomer Leg Experimental Heat Sink High-capacity Storage Unit High-capacity Battery (250) High-capacity Matter Pod (200) Experimental Sensor Array Advanced Weapon Cycler Hardened Medium Armor Plating Trap Extractor (4/4 Fusion Bomb) AS-neutralizer No. 17b Chronowheel Heavy EM Shotgun Heavy EM Shotgun AWS/Thermal Compact Ion Cannon 8R-AWN's Boregun 8R-AWN's Boregun Missile Launcher Field Lobotomy Kit (5) Deploy-a-Sentry Peak State ------------ > --- POWER ------------ Reinforced Fission Core > --- PROPULSION ------- Armored Huge Wheel > --- UTILITY ---------- Experimental Heat Sink Huge Storage Unit Advanced Weapon Cycler Advanced Transmission Jammer Hardened Medium Armor Plating System Shield > --- WEAPON ----------- 8R-AWN's Boregun 8R-AWN's Boregun > --- INVENTORY -------- Heavy Deuterium Engine Armored Treads Armored Treads Advanced Myomer Leg Advanced Myomer Leg High-capacity Storage Unit High-capacity Battery High-capacity Matter Pod Experimental Sensor Array Improved Signal Interpreter Experimental Targeting Computer Medium Reactive Plating Medium Reactive Plating AS-neutralizer No. 17b Chronowheel AWS/Thermal EM Pulse Cannon Improved EM Pulse Cannon Plasma Cannon Gauss Cannon Gauss Cannon Rocket Launcher Field Lobotomy Kit Deploy-a-Sentry [Rating: 75] Favorites ----------- Power Reinforced Fission Core Engine Cooled Ion Engine Power Core Reinforced Fission Core Propulsion Armored Treads Treads Armored Treads Leg Aluminum Leg Wheel Armored Huge Wheel Utility Medium Reactive Plating Device Advanced Weapon Cycler Storage Huge Storage Unit Processor Experimental Targeting Computer Hackware System Shield Protection Medium Reactive Plating Weapon Gauss Cannon Energy Gun Spread Laser Energy Cannon EM Pulse Cannon Ballistic Gun Improved Assault Rifle Ballistic Cannon Gauss Cannon Launcher Mini Grenade Launcher Impact Weapon Maul Slashing Weapon Great Axe Special Melee Weapon Datajack Build | -11 -10 -10 -9 -9 -9 -8 -8 -8 -8 -8 -8 -8 ------- Run | Yrd Mat Min Mat Min Exi Min Mat Gar Mat Gar Mat Sto Slots Evolved 4 | . . . 2 . . . 2 . . . . . Power . | . . . . . . . . . . . . . Propulsion . | . . . . . . . . . . . . . Utility 4 | . . . 2 . . . 2 . . . . . Weapon . | . . . . . . . . . . . . . Parts Attached 102 | 7 7 3 27 8 16 . 9 2 7 2 10 4 Power 9 | 1 . . 3 2 1 . 1 . . . 1 . Engine 6 | 1 . . 3 1 . . 1 . . . . . Core 3 | . . . . 1 1 . . . . . 1 . Reactor . | . . . . . . . . . . . . . Propulsion 15 | 2 3 . 3 1 1 . . . 2 1 1 1 Treads 8 | . 2 . 3 . 1 . . . 1 . . 1 Leg 2 | 2 . . . . . . . . . . . . Wheel 5 | . 1 . . 1 . . . . 1 1 1 . Hover . | . . . . . . . . . . . . . Flight . | . . . . . . . . . . . . . Utility 37 | 2 2 1 10 2 5 . 5 2 3 1 2 2 Device 11 | 1 1 1 2 . 3 . 1 1 1 . . . Storage 6 | 1 1 . 2 . 1 . . . . . 1 . Processor 5 | . . . 1 . 1 . . 1 1 . . 1 Hackware 4 | . . . 1 . . . 1 . 1 . 1 . Protection 11 | . . . 4 2 . . 3 . . 1 . 1 Artifact . | . . . . . . . . . . . . . Weapon 41 | 2 2 2 11 3 9 . 3 . 2 . 6 1 Energy Gun 14 | 2 1 1 7 . 1 . . . . . 1 1 Energy Cannon 5 | . . . . . 4 . . . 1 . . . Ballistic Gun 5 | . . . 1 2 2 . . . . . . . Ballistic Cannon 7 | . . . . . . . 3 . . . 4 . Launcher 5 | . 1 1 1 1 . . . . 1 . . . Special Weapon . | . . . . . . . . . . . . . Impact Weapon 1 | . . . 1 . . . . . . . . . Slashing Weapon 2 | . . . . . 2 . . . . . . . Piercing Weapon . | . . . . . . . . . . . . . Special Melee Weapon 2 | . . . 1 . . . . . . . 1 . Unidentified Prototypes 5 | . . 1 3 . . . . . . . . 1 Parts Lost 17 | . . . 4 . 1 . 2 . 3 4 1 2 Power 1 | . . . 1 . . . . . . . . . Propulsion 5 | . . . 1 . . . . . 1 1 1 1 Utility 6 | . . . 1 . 1 . 1 . 1 1 . 1 Weapon 5 | . . . 1 . . . 1 . 1 2 . . Highest Loss Streak 3 | . . . 1 . 1 . 1 . 2 3 1 2 To Critical Strikes . | . . . . . . . . . . . . . Average Backups 19 | 5 12 15 16 21 18 23 22 22 22 22 22 22 Power 1 | . 1 1 1 1 2 1 1 . 1 1 1 1 Propulsion 2 | 3 1 1 1 2 3 4 4 4 3 3 3 3 Utility 7 | . 2 4 6 8 5 9 8 8 9 10 9 8 Weapon 6 | 1 6 7 7 8 5 6 6 7 6 5 7 7 Tool/Special . | . . . . . . . . . . . . . Unused Backups 61 | . 3 . 13 4 12 1 4 . 3 1 5 15 Power 6 | . 1 . . . 3 1 . . . . . 1 Propulsion 10 | . 1 . 1 . 3 . . . 2 . . 3 Utility 18 | . . . 2 . 5 . 3 . . 1 2 5 Weapon 25 | . 1 . 10 4 1 . 1 . 1 . 3 4 Tool/Special 2 | . . . . . . . . . . . . 2 Average Slot Usage (%) 95 | . 98 100 99 96 93 88 89 89 96 99 99 98 Engine 6 | . 13 14 10 11 9 . 3 . . . . . Core 4 | . . . . . 1 11 5 9 9 9 8 8 Treads 11 | . 10 14 19 16 14 . . . 11 9 13 9 Wheel 6 | . 11 14 2 2 3 11 8 9 4 8 4 8 Device 14 | . 14 14 11 . 10 22 24 23 17 15 14 14 Storage 10 | . 14 14 11 11 11 11 9 9 9 9 9 9 Processor 4 | . . . 2 11 3 . . . 5 9 9 9 Hackware 5 | . . . 6 . . . 8 9 12 11 12 9 Protection 11 | . . . 11 20 18 11 11 12 9 9 9 10 Energy Gun 8 | . 27 28 21 12 1 . . . . . 2 . Energy Cannon 5 | . . . . . 8 22 11 5 11 8 2 . Ballistic Gun 1 | . . . . 9 4 . . . . . 1 . Ballistic Cannon 4 | . . . . . . . 6 11 6 9 12 17 Peak Build Rating 75 | 9 11 15 24 35 63 55 74 75 66 67 69 71 Average Rating 41 | 5 10 11 18 29 37 54 62 63 60 58 59 58 On Entrance 38 | . 9 11 11 24 35 55 54 65 65 56 59 60 Avg Prop Armor Cover (%) 9 | . 10 12 7 . . . . . 10 9 9 8 Naked Turns . | . . . . . . . . . . . . . Heaviest Build 145 | 15 30 33 57 120 134 134 145 145 137 136 136 139 Greatest Support 40 | 20 20 16 40 40 40 28 28 28 40 16 40 10 Greatest Overweight (x) 13 | 2 1 2 2 4 4 4 5 5 8 13 13 13 Average Overweight (x) 3 | . . 1 . 2 2 4 3 4 3 10 7 12 Largest Inventory Capacity 25 | 8 15 15 25 25 25 25 25 25 25 25 25 25 Average Capacity 21 | 7 13 15 17 21 21 25 25 25 25 25 25 25 Most Carried 25 | 7 15 15 20 25 25 25 25 25 25 25 25 25 Average Carried 20 | 5 12 14 16 21 19 24 24 24 24 24 24 24 Final Capacity 25 | 8 15 15 20 25 25 25 25 25 25 25 25 25 Final Carried 25 | 7 15 15 20 25 25 25 25 25 25 25 25 24 Class Distribution -------------------- 79% | Mutant 7% | Commander-Mutant 6% | Scavenger-Mutant 6% | Hacker-Mutant Dominant Class ---------------- Mutant | -10/Materials Mutant | -10/Mines Mutant | -9/Materials Mutant | -9/Mines Mutant | -9/Exiles Mutant | -8/Mines Mutant | -8/Materials Mutant | -8/Garrison Mutant | -8/Materials Mutant | -8/Garrison Mutant | -8/Materials Commander-Mutant | -8/Storage Resources | -11 -10 -10 -9 -9 -9 -8 -8 -8 -8 -8 -8 -8 ----------- Run | Yrd Mat Min Mat Min Exi Min Mat Gar Mat Gar Mat Sto Matter Collected 6189 | 270 618 98 553 132 529 . 694 711 677 546 643 718 Remotely . | . . . . . . . . . . . . . Salvage Created 8467 | 145 366 17 1384 42 416 109 1689 870 1279 847 583 720 Parts 504 | 9 28 2 105 1 18 3 89 58 63 43 39 46 Haulers Intercepted 17 | . 2 . 4 . . . 1 . 3 . 4 3 Recyclers Shooed 4 | . . . 3 . . . . . 1 . . . Parts Field Recycled . | . . . . . . . . . . . . . Retrieved Matter . | . . . . . . . . . . . . . Parts Self-Destructed . | . . . . . . . . . . . . . Prevented . | . . . . . . . . . . . . . Parts Restored . | . . . . . . . . . . . . . Kills | -11 -10 -10 -9 -9 -9 -8 -8 -8 -8 -8 -8 -8 ------- Run | Yrd Mat Min Mat Min Exi Min Mat Gar Mat Gar Mat Sto Combat Hostiles Destroyed 194 | . 9 2 39 13 6 2 33 21 21 23 12 13 Guns 54 | . 2 1 35 11 . . 1 1 . 1 1 1 Cannons 83 | . . . . . 1 1 19 15 12 18 7 10 AOE 51 | . 7 1 4 2 5 . 11 5 6 4 4 2 Classes Destroyed 22 | 2 4 . 4 2 2 1 3 2 1 1 . . Worker 8 | . . . . 1 . . 3 . 1 . 1 2 Builder 5 | . . . 1 . . . 1 . 1 . 2 . Tunneler 3 | 2 1 . . . . . . . . . . . Hauler 17 | . 2 . 4 . . . 1 . 3 . 4 3 Recycler 9 | 1 . . 2 . . . 2 . 3 . . 1 Mechanic 2 | . . . . . . . 1 . . . 1 . Operator 1 | . . . 1 . . . . . . . . . Turret 1 | . . . . . 1 . . . . . . . Watcher 25 | . 3 . 4 . . . 5 2 5 1 3 2 Swarmer 52 | . 6 2 19 . . . 6 3 6 5 3 2 Cutter 3 | . . . . . . . . 3 . . . . Grunt 58 | . 3 . 9 . . . 17 7 6 10 4 2 Brawler 5 | . . . 1 . . . 1 . . 3 . . Duelist 1 | . . . . . . . 1 . . . . . Protector 1 | . . . . . . . 1 . . . . . Sentry 48 | . . . 10 . . . 7 7 8 3 4 9 Specialist 1 | . . . . . . . . 1 . . . . Hunter 3 | . . . . . . 2 . . . . 1 . Programmer 2 | . . . . . . . . . . 2 . . Heavy 1 | . . . . . . . . . 1 . . . Zionite 4 | . . . . . 4 . . . . . . . Assembled 18 | . . . . 13 5 . . . . . . . Butcher 1 | . . . . . . . . 1 . . . . Best Kill Streak 11 | 2 5 2 5 11 5 1 6 4 7 5 8 3 Combat Bots Only 11 | . 3 2 5 11 5 1 5 4 4 5 6 2 Max Kills in Single Turn 4 | 1 3 1 3 2 1 1 3 3 4 1 3 2 Gunslinging 1 | . . . 1 . . . . . . . . . Exploded 3 | . 2 1 3 2 1 . 2 3 2 1 1 1 Melee . | . . . . . . . . . . . . . Uniques/NPCs Destroyed 4 | . . . . . 4 . . . . . . . EX-HEX (-9/Exiles) EX-BIN (-9/Exiles) EX-DEC (-9/Exiles) 8R-AWN (-9/Exiles) Combat | -11 -10 -10 -9 -9 -9 -8 -8 -8 -8 -8 -8 -8 -------- Run | Yrd Mat Min Mat Min Exi Min Mat Gar Mat Gar Mat Sto Hostile Shots Fired 534 | . 11 14 89 34 42 8 59 56 47 62 53 59 Missed 158 | . 3 1 30 7 9 4 20 24 15 16 15 14 Hits 376 | . 8 13 59 27 33 4 39 32 32 46 38 45 Melee 7 | . . . . 4 . . . 2 . 1 . . Projectile 369 | . 8 13 59 23 33 4 39 30 32 45 38 45 AOE 2 | . . . . . . . . 2 . . . . Critical Strikes 25 | . . . 1 2 11 . 3 2 1 4 1 . Part Disruptions 2 | . . . . 2 . . . . . . . . Damage Taken 5815 | . 112 126 678 404 543 36 536 509 850 654 408 959 Core 848 | . 23 22 98 97 36 . 39 48 233 139 24 89 Absorbed by Shields . | . . . . . . . . . . . . . Ignored by Resistances 643 | . . . . . 233 16 49 31 141 26 96 51 Regen/Repaired (Parts) 870 | . 41 . 46 . . . 305 . . . . 478 Core Remaining (%) 74 | 100 . 82 . . . 42 . . . . . . Volleys Fired 585 | 5 21 6 79 19 60 7 78 84 81 65 43 37 Largest 2 | 2 2 2 2 2 2 2 2 2 2 2 2 2 Hottest 132 | 80 80 80 130 130 126 126 126 103 132 120 120 80 Shots Fired 1041 | 10 39 11 154 38 107 14 140 135 123 115 85 70 Gun 315 | 10 36 8 151 37 10 . 11 22 . 2 20 8 Cannon 678 | . . . . . 86 14 123 110 116 108 61 60 Launcher 48 | . 3 3 3 1 11 . 6 3 7 5 4 2 Special . | . . . . . . . . . . . . . Kinetic 345 | . . . . 4 10 . 38 81 29 49 66 68 Thermal 219 | . . . 95 33 2 . 14 . 26 34 15 . Explosive 48 | . 3 3 3 1 11 . 6 3 7 5 4 2 Electromagnetic 429 | 10 36 8 56 . 84 14 82 51 61 27 . . Robot Hit Streak 23 | 3 6 3 17 13 23 15 14 10 12 15 15 17 Robot Miss Streak 8 | 4 2 3 8 7 2 2 2 5 5 3 3 2 Penetration Max 1 | . . . . . . . 1 . 1 . 1 1 Secondary Targets 7 | . 1 . 4 2 . . . . . . . . Max Gunslinging Chain 1 | . 1 . 1 1 . . . . . . . . Shots Hit Robots 676 | 4 23 4 137 34 99 11 85 51 60 60 62 46 Core Hits 489 | 4 16 5 147 53 42 3 67 29 44 34 22 23 Critical Kills 4 | . . . . . 1 . . 1 . . 2 . Critical Parts Destroyed 14 | . . . . . 2 . 2 5 . . 4 1 Critical Strikes 48 | . . . . . 7 . 10 7 4 3 9 8 Destroy 18 | . . . . . 3 . 2 6 . . 6 1 Blast 21 | . . . . . . . 4 1 3 3 3 7 Corrupt 8 | . . . . . 3 . 4 . 1 . . . Sever 1 | . . . . . 1 . . . . . . . Melee Attacks 23 | . . . 2 . 21 . . . . . . . Impact 2 | . . . 2 . . . . . . . . . Slashing 17 | . . . . . 17 . . . . . . . Piercing . | . . . . . . . . . . . . . Sneak Attacks 6 | . . . 2 . 4 . . . . . . . Combat Hostiles . | . . . . . . . . . . . . . Follow-up Attacks 2 | . . . . . 2 . . . . . . . Damage Inflicted 19782 | 48 871 252 2372 625 1486 293 3676 1739 2482 2070 2254 1614 Guns 3419 | 48 335 37 1888 419 118 . 121 130 . 27 242 54 Cannons 10163 | . . . . . 425 293 2226 1253 1703 1620 1309 1334 Explosions 5474 | . 536 215 310 173 424 . 1329 356 779 423 703 226 Melee 692 | . . . 174 . 518 . . . . . . . Ramming 34 | . . . . 33 1 . . . . . . . Kinetic 6003 | . . . . 30 118 . 718 909 607 886 1347 1388 Thermal 3032 | . 194 . 1273 389 57 . 317 . 132 466 204 . Explosive 4881 | . 342 215 281 173 367 . 1148 356 647 423 703 226 Electromagnetic 5140 | 48 335 37 644 . 425 293 1493 474 1096 295 . . Impact 174 | . . . 174 . . . . . . . . . Slashing 518 | . . . . . 518 . . . . . . . Piercing . | . . . . . . . . . . . . . Highest Corruption 10 | . 2 2 . . . . . . 10 4 4 10 Average Corruption 3 | . 2 2 . . . . . . 3 3 4 4 Corruption Purged 7 | . . . . . . . . . 7 . . . Corruption Blocked . | . . . . . . . . . . . . . Effects 170 | . 19 20 . . . . . . 22 28 47 34 Message Errors 43 | . 5 6 . . . . . . 7 6 9 10 Matter Fused 44 | . 7 4 . . . . . . 4 6 16 7 Heat Flow Errors 20 | . 3 2 . . . . . . 3 3 6 3 Energy Discharges 23 | . 4 3 . . . . . . 4 3 5 4 Parts Fused 1 | . . . . . . . . . . . 1 . Data Loss (minor) 19 | . . 4 . . . . . . 2 4 4 5 Data Loss (major) 9 | . . 1 . . . . . . 1 2 4 1 Misfires 6 | . . . . . . . . . . 3 . 3 Alerts 3 | . . . . . . . . . . 1 1 1 Weapon Failures 2 | . . . . . . . . . 1 . 1 . Overload Shots . | . . . . . . . . . . . . . Overflow Damage 480 | . 52 . 74 17 21 . 76 69 55 11 67 38 Projectiles 203 | . . . . . . . 25 69 16 5 50 38 Explosions 203 | . 52 . . 17 21 . 51 . 39 6 17 . Melee 74 | . . . 74 . . . . . . . . . Knockbacks 30 | . . . 1 . . . 3 2 3 9 7 5 Impact 1 | . . . 1 . . . . . . . . . Kinetic 26 | . . . . . . . 2 2 2 8 7 5 Secondary 3 | . . . . . . . 1 . 1 1 . . Self-Inflicted Damage 252 | . 50 . . 41 39 . 29 47 23 . 23 . Shots 8 | . 2 . . 1 1 . 1 1 1 . 1 . Rammed 7 | . . . . 6 1 . . . . . . . Targets Rammed 7 | . . . . 6 1 . . . . . . . Kicked . | . . . . . . . . . . . . . Crushed . | . . . . . . . . . . . . . Highest Temperature 360 | 54 219 282 334 314 171 171 141 341 360 339 259 258 Average Temperature 81 | 23 53 143 88 140 70 80 40 76 81 88 80 88 Received Heat Transfer 1539 | . . 39 207 240 . . 315 162 99 243 135 99 Effects 5 | . . 1 2 . . . . . . 2 . . Energy Bleed 2 | . . 1 1 . . . . . . . . . Interference 3 | . . . 1 . . . . . . 2 . . Siege Activations . | . . . . . . . . . . . . . Martial Activations . | . . . . . . . . . . . . . Shielding Activations . | . . . . . . . . . . . . . Robots Disrupted . | . . . . . . . . . . . . . Combat Hostiles . | . . . . . . . . . . . . . Robots Corrupted 9 | . . . 1 . 1 1 3 . 3 . . . Combat Hostiles 6 | . . . . . . 1 2 . 3 . . . Parts Fried 26 | . 3 . 1 . 1 4 10 3 4 . . . Impact Corruptions 4 | . . . 3 . . . . . 1 . . . Robots Melted . | . . . . . . . . . . . . . Combat Hostiles . | . . . . . . . . . . . . . Parts Melted 2 | . . . 2 . . . . . . . . . Heat Transferred 4193 | . 150 . 1600 470 . . 500 . 200 875 398 . Parts Sabotaged . | . . . . . . . . . . . . . Parts Stolen . | . . . . . . . . . . . . . Parts Stripped . | . . . . . . . . . . . . . Power Chain Reactions 11 | . 4 . 2 . 1 . 2 . 2 . . . Alert | -11 -10 -10 -9 -9 -9 -8 -8 -8 -8 -8 -8 -8 ------- Run | Yrd Mat Min Mat Min Exi Min Mat Gar Mat Gar Mat Sto Maximum Alert Level 4 | . . . 2 . . . 2 4 3 4 2 1 Low Security (%) 48 | 100 100 100 38 100 . 100 52 . . . . 64 Level 1 15 | . . . 22 . . . 18 16 . . 47 35 Level 2 25 | . . . 39 . . . 28 32 56 24 52 . Level 3 8 | . . . . . . . . 21 43 58 . . Level 4 3 | . . . . . . . . 28 . 16 . . Level 5 . | . . . . . . . . . . . . . High Security . | . . . . . . . . . . . . . Max Security . | . . . . . . . . . . . . . Peak Influence 1316 | 10 117 86 491 191 . 30 569 1299 812 1316 683 293 Initial 641 | . . 26 . 191 . . . 321 633 416 641 137 Average 303 | 1 22 16 255 15 . 1 234 754 700 883 459 176 Influence Increases 7067 | 15 377 161 1141 15 . 60 1175 1018 801 970 465 869 Destroy 0b10 Robot/C 3760 | . 180 100 780 . . 40 640 420 420 540 240 400 Destroy 0b10 Robot/NC 360 | 15 30 . 60 5 . . 70 15 65 5 55 40 Destroy Leader 838 | . 50 20 186 . . 20 152 20 156 20 74 140 Allied During Kill 142 | . . 14 9 . . . . 5 . 13 . 101 Trap Triggered on 0b10 20 | . . . 20 . . . . . . . . . Successful Hack 252 | . 33 5 31 . . . 82 26 24 . 8 43 Select Force Hacks 90 | . 60 . 30 . . . . . . . . . Disable Machine 330 | . . . . . . . 105 90 45 15 . 75 Anti-Garrison Action 600 | . . . . . . . . 350 . 250 . . Destroy Structure 525 | . 24 22 25 10 . . 96 92 76 82 58 40 Lose Combat Pursuer 150 | . . . . . . . 30 . 15 45 30 30 Influence Decreases 6827 | 15 308 230 650 506 . 60 681 213 1460 294 1455 955 Entered New Map 2270 | . . 43 . 300 . . . 173 666 224 675 189 Time Decay 3638 | 15 308 187 570 206 . 60 491 . 614 . 620 567 Lost Part 160 | . . . 40 . . . 20 . 30 40 10 20 Lost Ally 190 | . . . 40 . . . 20 40 . 30 . 60 Purge Threat 569 | . . . . . . . 150 . 150 . 150 119 Squads Dispatched 14 | . 3 . 2 1 . . 3 . 4 . . 1 Investigation 7 | . 2 . 2 1 . . 1 . 1 . . . Extermination . | . . . . . . . . . . . . . Reinforcement 3 | . 1 . . . . . 1 . . . . 1 Assault 3 | . . . . . . . 1 . 2 . . . Garrison 1 | . . . . . . . . . 1 . . . Intercept . | . . . . . . . . . . . . . Searches Triggered . | . . . . . . . . . . . . . Unchained Authorized 1 | . . . . . . . . . . . . 1 Construction Impeded . | . . . . . . . . . . . . . Haulers Reinforced . | . . . . . . . . . . . . . Active Scanning Responses . | . . . . . . . . . . . . . Cargo Convoy Interrupts . | . . . . . . . . . . . . . Stealth | -11 -10 -10 -9 -9 -9 -8 -8 -8 -8 -8 -8 -8 --------- Run | Yrd Mat Min Mat Min Exi Min Mat Gar Mat Gar Mat Sto Distress Signals 11 | . 2 . 1 2 . . 1 1 . . 2 2 Communications Jammed 42 | . . . . . . . 27 6 9 . . . Distress Signals 36 | . . . . . . . 26 6 4 . . . Times Spotted 285 | . 14 5 47 13 45 2 45 22 29 26 19 18 Peak Tracking Total 9 | . 3 3 5 7 9 1 5 4 3 5 7 3 Tactical Retreats 25 | . . . . . 18 . 2 . 1 1 2 1 Traps | -11 -10 -10 -9 -9 -9 -8 -8 -8 -8 -8 -8 -8 ------- Run | Yrd Mat Min Mat Min Exi Min Mat Gar Mat Gar Mat Sto Traps Triggered 8 | . 2 . . . . . . 3 1 2 . . Indirectly . | . . . . . . . . . . . . . Trap Hack Attempts 54 | . . . 54 . . . . . . . . . Triggered . | . . . . . . . . . . . . . Disarmed 1 | . . . 1 . . . . . . . . . Reprogrammed 6 | . . . 6 . . . . . . . . . Reused 2 | . . . 2 . . . . . . . . . Traps Extracted . | . . . . . . . . . . . . . Installed . | . . . . . . . . . . . . . Triggered 2 | . . . 2 . . . . . . . . . Most Traps Carried 4 | . . . . . . . . 4 4 4 4 4 Machines | -11 -10 -10 -9 -9 -9 -8 -8 -8 -8 -8 -8 -8 ---------- Run | Yrd Mat Min Mat Min Exi Min Mat Gar Mat Gar Mat Sto Machines Disabled 37 | . 1 . . . 8 . 7 9 3 4 . 5 Max in Single Turn 2 | . 1 . . . 1 . 2 1 1 1 . 1 Garrison Access 1 | . . . . . . . . . . . . 1 Garrison Relay 6 | . . . . . . . . 3 . 3 . . Machines Repaired . | . . . . . . . . . . . . . Machines Dismantled . | . . . . . . . . . . . . . Machines Sabotaged . | . . . . . . . . . . . . . Overloaded Fab Kills . | . . . . . . . . . . . . . Hacking | -11 -10 -10 -9 -9 -9 -8 -8 -8 -8 -8 -8 -8 --------- Run | Yrd Mat Min Mat Min Exi Min Mat Gar Mat Gar Mat Sto Machines Accessed 86 | . 10 2 18 2 2 . 17 3 8 3 6 15 Terminals 59 | . 7 1 12 . . . 11 3 7 3 5 10 Fabricators . | . . . . . . . . . . . . . Repair Stations 8 | . 1 . 2 . . . 2 . . . 1 2 Recycling Units 7 | . 2 . 2 . . . 1 . . . . 2 Scanalyzers 4 | . . . 2 . . . 2 . . . . . Garrison Access 3 | . . . . . . . 1 . 1 . . 1 Total Hacks 339 | . 32 3 69 2 3 . 89 11 43 5 27 55 Successful 225 | . 20 3 56 2 3 . 69 4 19 2 14 33 Failed 113 | . 12 . 13 . . . 19 7 24 3 13 22 Catastrophic 14 | . 1 . . . . . 1 3 2 2 1 4 Database Lockouts 1 | . . . . . . . 1 . . . . . Manual 204 | . 24 2 52 . 1 . 47 5 30 . 20 23 Terminals 250 | . 22 2 52 . . . 57 11 42 5 25 34 Fabricators . | . . . . . . . . . . . . . Repair Stations 38 | . 4 . 8 . . . 13 . . . 2 11 Recycling Units 23 | . 6 . 5 . . . 3 . . . . 9 Scanalyzers 17 | . . . 4 . . . 13 . . . . . Garrison Access 5 | . . . . . . . 3 . 1 . . 1 Terminal Hacks 64 | . 2 3 14 2 3 . 16 2 7 2 4 9 Record 2 | . . . . . 2 . . . . . . . Part Schematic 3 | . . . . . . . . . 1 . . 2 Robot Analysis 17 | . 1 2 7 . . . 6 . . . . 1 Prototype ID Bank 9 | . . . 3 . . . 3 . 1 . . 2 Open Door 7 | . . 1 . 2 . . . 1 . 1 . 2 Branch Access Points 1 | . . . . . . . 1 . . . . . Emergency Access Points 1 | . . . . . . . . 1 . . . . Terminal Index 4 | . . . 1 . . . 1 . 1 . 1 . Scanalyzer Index 1 | . . . . . . . 1 . . . . . Unreport Threat 5 | . . . . . . . 1 . 1 . 1 2 Locate Traps 3 | . 1 . . . . . . . 1 . 1 . Security Status 1 | . . . 1 . . . . . . . . . Reinforcement Status 1 | . . . . . . . 1 . . . . . Recall Investigation 1 | . . . 1 . . . . . . . . . Recall Reinforcements 2 | . . . . . . . 1 . 1 . . . Hauler Manifests 2 | . . . 1 . . . . . 1 . . . Zone Layout 2 | . . . . . . . 1 . . . 1 . Patrol Navigation 1 | . . . . . . . . . . 1 . . Proto ID Catalog 1 | . . . . . 1 . . . . . . . Fabricator Hacks . | . . . . . . . . . . . . . Repair Station Hacks 31 | . 4 . 8 . . . 11 . . . . 8 Scan Component 16 | . 2 . 4 . . . 6 . . . . 4 Repair 15 | . 2 . 4 . . . 5 . . . . 4 Recycling Unit Hacks 6 | . 2 . 1 . . . 1 . . . . 2 Retrieve Components 6 | . 2 . 1 . . . 1 . . . . 2 Scanalyzer 15 | . . . 3 . . . 12 . . . . . Insert Component 5 | . . . 1 . . . 4 . . . . . Analyze 8 | . . . . . . . 8 . . . . . Retrieve Study 2 | . . . 2 . . . . . . . . . Garrison Access Hacks 3 | . . . . . . . 1 . 1 . . 1 Unlock Access 2 | . . . . . . . 1 . 1 . . . Seal Access 1 | . . . . . . . . . . . . 1 Unauthorized Hacks 106 | . 12 . 30 . . . 28 2 11 . 10 13 Terminals 95 | . 9 . 27 . . . 26 2 11 . 10 10 Track 11 | . 1 . 3 . . . 4 1 . . 1 1 Assimilate 10 | . 1 . 5 . . . 3 . 1 . . . Botnet 24 | . 1 . 6 . . . 7 1 3 . 3 3 Disrupt 1 | . . . 1 . . . . . . . . . Operators 7 | . 1 . 2 . . . 1 . 1 . 1 1 Skim 42 | . 5 . 10 . . . 11 . 6 . 5 5 Fabricators . | . . . . . . . . . . . . . Repair Stations . | . . . . . . . . . . . . . Recycling Units 11 | . 3 . 3 . . . 2 . . . . 3 Reject 6 | . 1 . 2 . . . 1 . . . . 2 Mask 2 | . . . . . . . 1 . . . . 1 Tunnel 3 | . 2 . 1 . . . . . . . . . Scanalyzers . | . . . . . . . . . . . . . Garrison Access . | . . . . . . . . . . . . . Data Cores Recovered 1 | . . . 1 . . . . . . . . . Used . | . . . . . . . . . . . . . Hacking Detections 71 | . 9 1 16 . . . 16 3 7 3 6 10 Full Trace Events 1 | . . . . . . . . . 1 . . . Feedback Events . | . . . . . . . . . . . . . Feedback Blocked . | . . . . . . . . . . . . . Robot Schematics Acquired . | . . . . . . . . . . . . . Robots Built . | . . . . . . . . . . . . . Authchips . | . . . . . . . . . . . . . Time . | . . . . . . . . . . . . . Total Robot Build Rating . | . . . . . . . . . . . . . Part Schematics Acquired 7 | . . . . . . . 4 . 1 . . 2 Parts Built . | . . . . . . . . . . . . . Authchips . | . . . . . . . . . . . . . Time . | . . . . . . . . . . . . . Total Part Build Rating . | . . . . . . . . . . . . . Part Studies Acquired 2 | . . . 2 . . . . . . . . . Parts Repaired 15 | . 2 . 4 . . . 5 . . . . 4 Time 784 | . 52 . 137 . . . 338 . . . . 257 Parts Recycled . | . . . . . . . . . . . . . Recycled Matter . | . . . . . . . . . . . . . Retrieved Matter . | . . . . . . . . . . . . . Retrieved Components 50 | . 20 . 9 . . . 9 . . . . 12 Parts Scanalyzed 4 | . . . . . . . 4 . . . . . Part Schematics Acquired 4 | . . . . . . . 4 . . . . . Parts Damaged 1 | . . . . . . . 1 . . . . . Bothacking | -11 -10 -10 -9 -9 -9 -8 -8 -8 -8 -8 -8 -8 ------------ Run | Yrd Mat Min Mat Min Exi Min Mat Gar Mat Gar Mat Sto Used RIF Installer . | . . . . . . . . . . . . . Robots Hacked 4 | . . . . . 4 . . . . . . . Non-combat 3 | . . . . . 3 . . . . . . . Combat 1 | . . . . . 1 . . . . . . . Robot Hacks Applied 4 | . . . . . 4 . . . . . . . parse_system 4 | . . . . . 4 . . . . . . . Relay Couplers Released 25 | . . . . . . . . 12 . 12 . 1 Machine Destruction 25 | . . . . . . . . 12 . 12 . 1 Fabnet Peak Effective % . | . . . . . . . . . . . . . Robots Rewired 2 | . . . . . . . . 2 . . . . Allies Hacked 1 | . . . . . . . . . . 1 . . Hacks Repelled . | . . . . . . . . . . . . . Allies | -11 -10 -10 -9 -9 -9 -8 -8 -8 -8 -8 -8 -8 -------- Run | Yrd Mat Min Mat Min Exi Min Mat Gar Mat Gar Mat Sto Total Allies 21 | . 1 3 2 . . . 1 2 1 1 . 10 Largest Group 10 | . 1 4 3 3 3 3 4 2 1 1 . 10 Highest-Rated Group 173 | . 10 79 48 29 29 29 39 56 10 39 . 173 Highest-Rated Ally 39 | . 10 31 31 10 10 10 10 31 10 39 . 29 Initial Warlord ECA Mod 12 | . . . . . . . . . 7 7 12 12 Total Orders 91 | . 1 2 20 11 6 5 29 8 6 . . 3 STAY 52 | . 1 1 11 8 3 4 15 4 3 . . 2 FOLLOW 37 | . . 1 9 3 1 1 14 4 3 . . 1 RETURN 2 | . . . . . 2 . . . . . . . Ally Attacks 178 | . . 6 3 . 80 . . 2 . 34 . 53 Total Damage 1739 | . . 84 64 . 565 . . 22 . 294 . 710 Kills 18 | . . 3 . . 4 . . . . 4 . 7 Allies Corrupted 1 | . . . . . . . . . . 1 . . Allies Melted . | . . . . . . . . . . . . . Intel | -11 -10 -10 -9 -9 -9 -8 -8 -8 -8 -8 -8 -8 ------- Run | Yrd Mat Min Mat Min Exi Min Mat Gar Mat Gar Mat Sto Active Infowar (turns) 9042 | 21 2041 863 1061 . 2 . 3031 1431 592 . . . Terrain 3986 | 21 2041 863 1061 . . . . . . . . . T.N.C. 2 | . . . . . 2 . . . . . . . Jamming 5054 | . . . . . . . 3031 1431 592 . . . Robot Analysis Total 17 | . 1 2 7 . . . 6 . . . . 1 Derelict Logs Recovered 5 | . . 2 . 3 . . . . . . . . Drone Launches 16 | . . . . . 16 . . . . . . . Drone Recoveries 14 | . . . . . 14 . . . . . . . Exploration | -11 -10 -10 -9 -9 -9 -8 -8 -8 -8 -8 -8 -8 ------------- Run | Yrd Mat Min Mat Min Exi Min Mat Gar Mat Gar Mat Sto Turns Passed 29627 | 112 2041 869 5398 2702 4926 1254 3284 1910 2032 1254 2084 1761 Spaces Moved 12323 | 62 1224 643 2348 1146 1853 695 1409 978 578 423 432 532 Core 9 | 9 . . . . . . . . . . . . Treads 4269 | . 158 . 1867 718 1059 . . . 243 . 224 . Legs 241 | 53 188 . . . . . . . . . . . Wheels 7804 | . 878 643 481 428 794 695 1409 978 335 423 208 532 Hover . | . . . . . . . . . . . . . Flight . | . . . . . . . . . . . . . Fastest Speed 50 | 50 100 115 115 160 160 160 145 160 160 205 275 245 Average Speed 195 | 114 134 115 187 216 230 160 159 165 270 248 344 273 Slowest Speed 410 | 150 240 130 250 330 410 160 175 175 410 275 410 275 Overloaded Moves . | . . . . . . . . . . . . . Propulsion Burnouts . | . . . . . . . . . . . . . Robots Hopped . | . . . . . . . . . . . . . Potential Cave-ins 6 | . . . . . . . . . 6 . . . Cave-ins Triggered 1 | . . . . . . . . . 1 . . . Exploration Rate (%) 74 | 4 99 97 98 98 92 86 80 89 59 57 33 77 Regions Visited 12 Branch Regions 5 Pre-discovered Areas 21 | . 3 . 6 1 1 . 3 . 3 . 2 2 Known Exits Taken 8 | . . 1 1 1 1 1 1 . 1 . 1 . Unknown Exits Taken 2 | 1 1 . . . . . . . . . . . Scrap Searched 3 | . . 1 . 1 . 1 . . . . . . Spaces Dug 60 | . 16 . . . 7 . 9 1 24 . . 3 Terrain Destroyed 491 | . 22 27 31 11 47 . 126 14 97 17 59 40 Melee . | . . . . . . . . . . . . . Projectile 126 | . . . . . 1 . 26 5 38 . 28 28 AOE 363 | . 22 27 31 11 46 . 99 8 59 17 31 12 Terrain Rammed . | . . . . . . . . . . . . . Walls Destroyed . | . . . . . . . . . . . . . Machines Disabled . | . . . . . . . . . . . . . Actions | -11 -10 -10 -9 -9 -9 -8 -8 -8 -8 -8 -8 -8 --------- Run | Yrd Mat Min Mat Min Exi Min Mat Gar Mat Gar Mat Sto Total 17004 | 89 1573 759 3179 1322 2436 829 2351 1187 971 546 975 787 Wait 3394 | 9 293 101 584 116 364 126 802 40 279 35 454 191 Move 12308 | 61 1223 642 2347 1145 1852 694 1408 975 576 422 431 532 Hop . | . . . . . . . . . . . . . Pick Up 154 | 7 14 1 32 13 38 1 13 3 10 6 12 4 Fast Attach 41 | 7 4 1 8 1 5 . 3 2 . . 5 5 Attach 49 | . 2 1 4 5 19 . 4 1 5 4 1 3 Detach 15 | . . . . 2 11 . 1 1 . . . . Swap 169 | . 8 5 37 5 12 . 34 18 14 13 13 10 Drop 146 | . 8 2 32 10 55 1 8 3 5 1 16 5 Fire 585 | 5 21 6 79 19 60 7 78 84 81 65 43 37 Melee 21 | . . . 2 . 19 . . . . . . . Ram . | . . . . . . . . . . . . . Kick . | . . . . . . . . . . . . . Crush 7 | . . . . 6 1 . . . . . . . Escape Stasis 25 | . . . . . . . . 24 1 . . . Rewire 36 | . . . . . . . . 36 . . . . Trap 54 | . . . 54 . . . . . . . . . Miscellaneous . | . . . . . . . . . . . . . Route ------- -11/Scrapyard -10/Materials (discovered 5 exits: *Mat x3 / *Min / [*Sub]) -10/Mines (discovered 2 exits: *Mat x2) -9/Materials (discovered 4 exits: *Mat x3 / *Min) -9/Mines (discovered 4 exits: *Mat x2 / *Exi / [*Zio]) -9/Exiles (discovered 2 exits: *Min x2) -8/Mines (discovered 2 exits: *Mat x2) -8/Materials (discovered 6 exits: *Fac x3 / *Sto x2 / Gar) -8/Garrison (discovered 3 exits: *Mat x3) -8/Materials (discovered 5 exits: *Fac x3 / *Sto / Gar) -8/Garrison (discovered 2 exits: *Mat x2) -8/Materials (discovered 5 exits: Fac x3 / *Sto x2) -8/Storage (discovered 1 exit: *Fac) History --------- Turn | Location | Event 36 | -11/Scrapyard | Discovered new exit (range 16) 113 | -11/Scrapyard | Entered Materials 114 | -10/Materials | Met a group of wandering Federalists 231 | -10/Materials | Discovered new exit (range 11) 299 | -10/Materials | Discovered new exit (range 13) 315 | -10/Materials | Build established: Mutant 565 | -10/Materials | Learned Storage emergency access door positions 600 | -10/Materials | Discovered new exit (range 16) 609 | -10/Materials | Identified exit to Materials 644 | -10/Materials | Learned Storage interactive machine intel 694 | -10/Materials | Learned 4 Subcaves zone layouts 775 | -10/Materials | Learned 2 Storage zone layouts 1286 | -10/Materials | Discovered new exit (range 10) 1448 | -10/Materials | Repaired Com. Wheel 1554 | -10/Materials | Repaired Ion Engine 2154 | -10/Materials | Entered Mines 2154 | -10/Mines | Accompanied by 1 ally 2157 | -10/Mines | Received a Mining Laser from a helpful Derelict 2591 | -10/Mines | Found the Drone Emporium 2597 | -10/Mines | Found Prototype Device 2597 | -10/Mines | Identified Thief Drone Bay 3023 | -10/Mines | Entered Materials 3023 | -9/Materials | Accompanied by 3 allies 3023 | -9/Materials | Evolved 2 slots: Utility x2 3024 | -9/Materials | Identified exit to Mines 3028 | -9/Materials | Led the pair of lost Derelicts to an unsafe place 3560 | -9/Materials | Repaired Corrupted Hacking Suite? 3820 | -9/Materials | Learned location of Zion (-7) 3895 | -9/Materials | Identified exit to Materials 3961 | -9/Materials | Learned location of Mines (-9) 4016 | -9/Materials | Learned location of 1 exit from Recycling 4115 | -9/Materials | Learned location of 1 exit from Recycling 5300 | -9/Materials | Build established: Scavenger-Mutant 5553 | -9/Materials | Learned Storage emergency access door positions 5624 | -9/Materials | Learned Storage garrison access intel 5684 | -9/Materials | Learned location of 1 exit from Recycling 5735 | -9/Materials | Learned location of 1 exit from Recycling 5776 | -9/Materials | Learned location of 2 exits from Materials 5808 | -9/Materials | Loaded intel: 2 repair station locations 5973 | -9/Materials | Loaded intel: 2 recycling unit locations 6274 | -9/Materials | Repaired Lgt. Armor Plating 7336 | -9/Materials | Build established: Mutant 7415 | -9/Materials | Repaired Lgt. Armor Plating 7448 | -9/Materials | Repaired Imp. Ion Engine 8421 | -9/Materials | Entered Mines 8421 | -9/Mines | Accompanied by 3 allies 8433 | -9/Mines | Met a Derelict who couldn't figure out how to use a Trap Extractor 8539 | -9/Mines | Assembled infested the area 8544 | -9/Mines | Assisted by a Guerilla fighting off Assembled 8561 | -9/Mines | Identified exit to Exiles 8638 | -9/Mines | Destroyed 11 combat bots 8880 | -9/Mines | Discovered exit to Materials (range 9) 8890 | -9/Mines | Received a Rocket Launcher from a helpful Derelict 9287 | -9/Mines | Learned location of Storage (-8) 9289 | -9/Mines | Learned location of 1 exit from Materials 9535 | -9/Mines | Found a damaged Exp. Sensor Array with a note attached 9545 | -9/Mines | Found Prototype Device 9573 | -9/Mines | Deemed a non-threat by the Exiles lab entrance 10387 | -9/Mines | Met a Derelict shopkeep closing up shop 10512 | -9/Mines | Learned location of 1 exit from Lower Caves 10565 | -9/Mines | Discovered exit to Materials (range 10) 10606 | -9/Mines | A Derelict revealed a hidden shortcut to a safe place 11123 | -9/Mines | Entered Exiles 11123 | -9/Exiles | Accompanied by 3 allies 11124 | -9/Exiles | Identified exit to Mines 11162 | -9/Exiles | Met 8R-AWN 11191 | -9/Exiles | Met EX-HEX 11253 | -9/Exiles | Met EX-DEC 11868 | -9/Exiles | Met EX-BIN 12289 | -9/Exiles | Visited The Gauntlet 13044 | -9/Exiles | Aligned with FarCom system 13047 | -9/Exiles | Given EX-Vault access code 13123 | -9/Exiles | Opened EX-Vault 13143 | -9/Exiles | Found Field Lobotomy Kit 13151 | -9/Exiles | Found Chronowheel 13165 | -9/Exiles | Found AWS/Thermal 13232 | -9/Exiles | Warned to stay clear of 0b10 Research branches 13814 | -9/Exiles | Attacked by the Exiles 13919 | -9/Exiles | Core integrity fell below 50% 14061 | -9/Exiles | Found 8R-AWN's Boregun 14226 | -9/Exiles | Found 8R-AWN's Boregun 14605 | -9/Exiles | Allies destroyed EX-HEX 14661 | -9/Exiles | Allies destroyed EX-BIN 14680 | -9/Exiles | Allies destroyed EX-DEC 14694 | -9/Exiles | Found Deploy-a-Sentry 14952 | -9/Exiles | Discovered exit to Mines (range 14) 15165 | -9/Exiles | Found AS-neutralizer No. 17b 15939 | -9/Exiles | Destroyed 8R-AWN 15963 | -9/Exiles | Found Corrupted Exp. Targeting Computer 16049 | -9/Exiles | Stole four prototypes: Chronowheel, AWS/Thermal, Field Lobotomy Kit, Deploy-a-Sentry 16049 | -9/Exiles | Entered Mines 16049 | -8/Mines | Accompanied by 3 allies 16874 | -8/Mines | Discovered exit to Materials (range 6) 16962 | -8/Mines | Discovered exit to Materials (range 10) 17303 | -8/Mines | Entered Materials 17303 | -8/Materials | Accompanied by 3 allies 17303 | -8/Materials | Evolved 2 slots: Utility x2 17304 | -8/Materials | Identified exit to Storage 17305 | -8/Materials | Identified exit to Factory 17678 | -8/Materials | Identified exit to Garrison 17699 | -8/Materials | Central database locked down 17834 | -8/Materials | Learned Storage trap positions 17859 | -8/Materials | Learned location of 1 exit from Recycling 17872 | -8/Materials | Learned location of 1 exit from Extension 17891 | -8/Materials | Learned Storage emergency access door positions 17974 | -8/Materials | Build established: Commander-Mutant 18289 | -8/Materials | Repaired Broken Exp. Targeting Computer 18351 | -8/Materials | Repaired Corrupted Imp. EM Pulse Cannon? 18665 | -8/Materials | Build established: Mutant 19303 | -8/Materials | First assault squad dispatched 19630 | -8/Materials | Learned 2 Lower Caves zone layouts 19680 | -8/Materials | Identified Exp. Sensor Array 19699 | -8/Materials | Learned 2 Lower Caves zone layouts 19731 | -8/Materials | Learned Storage garrison access intel 19749 | -8/Materials | Repaired Arm. Huge Wheel 19839 | -8/Materials | Repaired Exp. Heat Sink 19884 | -8/Materials | Repaired Med. Reactive Plating 20587 | -8/Materials | Entered Garrison 20587 | -8/Garrison | Accompanied by 2 allies 20879 | -8/Garrison | Triggered checkpoint 20905 | -8/Garrison | Garrison Relay disabled 21005 | -8/Garrison | Triggered checkpoint 21008 | -8/Garrison | Triggered checkpoint 21141 | -8/Garrison | Garrison Relay disabled 21272 | -8/Garrison | Discovered new exit (range 15) 21517 | -8/Garrison | Triggered checkpoint 21721 | -8/Garrison | Triggered checkpoint 21741 | -8/Garrison | Garrison Relay disabled 21900 | -8/Garrison | Discovered new exit (range 10) 21989 | -8/Garrison | Identified exit to Materials 22065 | -8/Garrison | Attempted to access garrison exit controls, blocked by remote lockdown 22206 | -8/Garrison | Attempted to access garrison exit controls, blocked by remote lockdown 22436 | -8/Garrison | Discovered exit to Materials (range 10) 22497 | -8/Garrison | Entered Materials 23089 | -8/Materials | Crushed by falling debris 23090 | -8/Materials | Core integrity fell below 50% 23090 | -8/Materials | System corruption reached 10% 23977 | -8/Materials | Build established: Hacker-Mutant 24021 | -8/Materials | Learned Storage trap positions 24023 | -8/Materials | Identified exit to Garrison 24100 | -8/Materials | Garrison activated, responded to threat 24213 | -8/Materials | Learned location of 2 exits from Factory 24288 | -8/Materials | Learned Storage trap positions 24339 | -8/Materials | Learned 2 Storage zone layouts 24380 | -8/Materials | Learned 2 Lower Caves zone layouts 24490 | -8/Materials | Learned location of 2 exits from Factory 24497 | -8/Materials | First assault squad dispatched 24529 | -8/Materials | Entered Garrison 24529 | -8/Garrison | Accompanied by 1 ally 24653 | -8/Garrison | Triggered checkpoint 24695 | -8/Garrison | Garrison Relay disabled 24724 | -8/Garrison | Rescued a captive Derelict 24811 | -8/Garrison | Triggered checkpoint 24878 | -8/Garrison | Triggered checkpoint 24953 | -8/Garrison | Lost 3 parts (1n1u1w) 25057 | -8/Garrison | Core integrity fell below 20% 25106 | -8/Garrison | Build established: Mutant 25201 | -8/Garrison | Triggered checkpoint 25284 | -8/Garrison | Garrison Relay disabled 25337 | -8/Garrison | Discovered new exit (range 10) 25517 | -8/Garrison | Discovered new exit (range 8) 25551 | -8/Garrison | Triggered checkpoint 25589 | -8/Garrison | Garrison Relay disabled 25671 | -8/Garrison | Triggered checkpoint 25783 | -8/Garrison | Entered Materials 26744 | -8/Materials | Learned location of Lower Caves (-6) 26765 | -8/Materials | Learned 2 Lower Caves zone layouts 26782 | -8/Materials | Learned location of 1 exit from Extension 26809 | -8/Materials | Learned 4 Recycling zone layouts 26812 | -8/Materials | Build established: Hacker-Mutant 26845 | -8/Materials | Learned Storage security intel 27534 | -8/Materials | Build established: Mutant 27867 | -8/Materials | Entered Storage 27869 | -8/Storage | Loaded intel: 17 trap records 27872 | -8/Storage | Loaded intel: 18 interactive machine locations 27873 | -8/Storage | Loaded intel: 1 garrison access location 28080 | -8/Storage | Assisted by bots powering up and referring to "LRC-V3" 28370 | -8/Storage | Build established: Commander-Mutant 28587 | -8/Storage | Repaired Med. Reactive Plating 28692 | -8/Storage | Discovered exit to Factory (range 15) 28986 | -8/Storage | Learned 4 Recycling zone layouts 29042 | -8/Storage | Learned 2 Lower Caves zone layouts 29089 | -8/Storage | Learned Storage emergency access door positions 29125 | -8/Storage | Learned location of 1 exit from Extension 29150 | -8/Storage | Learned 8 Factory zone layouts 29164 | -8/Storage | Learned location of Lower Caves (-6) 29190 | -8/Storage | Learned location of 1 exit from Extension 29218 | -8/Storage | Unchained authorized (DW-4LL) 29262 | -8/Storage | Repaired Rnf. Fission Core 29277 | -8/Storage | Learned 4 Factory zone layouts 29337 | -8/Storage | Learned 2 Storage zone layouts 29361 | -8/Storage | Repaired Exp. Heat Sink 29431 | -8/Storage | Repaired Adv. Weapon Cycler? 29616 | -8/Storage | DW-4LL burst out of a wall 29628 | -8/Storage | Destroyed by DW-4LL with DW-4LL's Slamshotty Last Messages --------------- 29490_ R-06 Scavenger collects Imp. Signal Interpreter. 29496_ R-06 Scavenger collects Hrd. Light Armor Plating. 29498_ Z/SCFMQU#UEB0QQLJDRW 29514_ K-01 Serf collects debris. 29544_ Dropped Unknown Impact Weapon. 29544_ Acquired Adv. Weapon Cycler. 29545_ Connecting with Repair Station... 29550_ System corrupted: Matter fused (-7). 29560_ K-01 Serf cleans the Compression Vault. 29605_ TU5ESX:9RKJLBAKJO/VAVS/S LNH9JA DW-4LL bursts from the wall. DW-4LL: "FANCYMEETINGYOUHERE!" 29617_ Wheel destroyed. 29617_ System corrupted by crushing effect (+1). 29621_ DW-4LL Prototype Storage blasted off. 29624_ Slug penetrates DW-4LL. 29626_ Exp. Targeting Computer destroyed. 29626_ System corrupted by crushing effect (+5). Map ----- +----------------------------------------------------+ | ?????????????????????????????# """""??+ ^ | | ?????????????????????????????# """""?# """" | | ?????????????????T???????????# [=[" ## """" | | ??????????T??????????????????# """"" ## """" | | ?????????????????????????????# ## ^ | | ?????????????????????????????#######+#### ^ | | ???????????????????????????????????# #??# | | ??????????????????##############???# #??# | | ??????????????????+ #???# #??# | | ??????????????????# ##### #### | | ??????????????????# + | | ??????????????????+ ######## | | ??????????????????# #??????#! | | ??????????????????####+#########??????#% % % | | #######??????????????# ;#????????????## ####### | | # +??????????????# ;#?????????????# #?##### | | # # #?# ;#????????# # #???# | | # # ####### ^ #?# ;########## # #???# | | # + #??#####+##### +^ ! + # ##### | | ####+## #??# # # # # / | | ???# #??# " # # ! "" # # ##### | | ???# #??# "G" # + T" + # #???# | | ???# ####??# " " # ### "" # + ####### | | ???#%#?????# """ # ### # # # | | ??##%##???## """ ==! # ###+##+######## # | | ??# #???# """ =!! ;@ #?# g # | | ??# #???## =!! #k #?# ######+ | | ??# #????########### 8#?# g # | | ??## ##??????# ##%%%?# + """" | | ???# #???????# ## %## ############# " | | ???# #???????# # # #???# """" | | ##?# #???????# + + % #???# """"" | | ? ## #???????# # r k # #???# " " | | ?? # #???????# # #! [= #???# """"" | | ??## #???????#####+## # #???# | | ???# #######?????# ##a ####+####???# | | ???#*%[ ####### ;### #??????####### | | ???# ! #????????????? | | ???# ########+####?????????? | | ???# """ ###+## #### [ #?????????? | | ???####+##+# """ %+ #""" #?????????? | | ?#### # """% # #"R """ ##????????? | | ?#""" """ # # "" #""" """ ##????????# | | ?#"R / """ +*% ! + """ #### """ ###???????# | | ?#""" """ #=%[#####?""?" #?## ##???????# | | ?#### ##!##?????? ? ###"########???##???? | | ????# ##*##???????#####! #??????????###??? | | ????##T# ####%##?????###### ###?????????##%#### | | ?????########/######## #?????????# [ % | | ????????###*!! ## "" "#???????### [ | +----------------------------------------------------+ Best States ------------- Heat Dissipation 57 Coolant Potential 50 Energy Generation 19 Energy Capacity 310 Matter Stores 300 Matter Capacity 300 Sight Range 16 Terrain Scan Range 16 Terrain Scan Density 10 Jamming Range 16 Armor Coverage 450 Resistance: KI 30 Resistance: TH 10 Weapon Cycling 25 Phase Shifting 5 Evasion (%) 55 Targeting Accuracy 12 Recoil Reduction 2 Offensive Hacking 10 Defensive Hacking 20 Trap Extractor Capacity 4 Item Schematics ----------------- Exp. Targeting Computer | -8/Materials | Scanalyzed Exp. Heat Sink | -8/Materials | Scanalyzed Rnf. Fission Core | -8/Materials | Scanalyzed Exp. Sensor Array | -8/Materials | Scanalyzed Plasma Cutter | -8/Materials | Hacked Particle Charger | -8/Storage | Hacked EM Shield | -8/Storage | Hacked Robot Schematics ------------------ None Fabricated ------------ Nothing Repaired ---------- Com. Wheel | 50% | -10/Materials Ion Engine | 56% | -10/Materials Hacking Suite | 90% | -9/Materials | Corrupted Lgt. Armor Plating | 73% | -9/Materials Lgt. Armor Plating | 83% | -9/Materials Imp. Ion Engine | 91% | -9/Materials Exp. Targeting Computer | 70% | -8/Materials | Broken Imp. EM Pulse Cannon | 67% | -8/Materials | Corrupted Arm. Huge Wheel | 62% | -8/Materials Exp. Heat Sink | 53% | -8/Materials Med. Reactive Plating | 42% | -8/Materials Med. Reactive Plating | 10% | -8/Storage Rnf. Fission Core | 25% | -8/Storage Exp. Heat Sink | 42% | -8/Storage Adv. Weapon Cycler | 40% | -8/Storage Studied --------- Lgt. Treads | -9/Materials | Hacked EM Shotgun | -9/Materials | Hacked Alien Tech Used ----------------- None Achievements -------------- Oppo Buddy Challenges ------------ None Game ------ Seed IntegrityAntigravBarrier Manual? 0 Play Time 03:40:22 Cumulative 1057.8 hours Start 2026.01.03 @ 02:52:28 End 2026.01.03 @ 20:16:18 Sessions 3 Manual Loads 0 Difficulty Rogue Special Mode None Game No. 569 Rogue 569 Adventurer 0 Explorer 0 Win Type - Total 3 Types 3/0/0/0/0/0/0/0/0/0 Lore% 82 Gallery% 77 Achievement% 63 Wizard Run 0 Options --------- Layout 1 ASCII 0 Keyboard 0 Movement Mouse Keybinds 0 Fullscreen 1 Font 20/SmallcapsGlow Map View 54x42 Zoom Use 0% Tactical HUD 1 Map Filters NONE Filters NONE Steam 1 RUN: 3574f83c-a3d8-4ee6-9260-624fef0ad265